 Dungeon Crawl Stone Soup version 0.28.0-53-g5a82cb258f (webtiles) character file.

Game seed: 16958339628826766628

25 DocClef the Cudgeller (level 3, -2/23 HPs)
             Began as a Gargoyle Berserker on July 4, 2022.
             Was a Follower of Trog.
             Killed from afar by Sigmund (6 damage)
             ... with a magic dart
             ... on level 2 of the Dungeon.
             The game lasted 00:00:54 (897 turns).

DocClef the Cudgeller (Gargoyle Berserker)           Turns: 897, Time: 00:00:54

Health: -2/23      AC:  5    Str: 22    XL:     3   Next: 4%
Magic:  3/3        EV: 11    Int:  7    God:    Trog [*.....]
Gold:   54         SH:  0    Dex:  9    Spells: 2/2 levels left

rFire   . . .      SeeInvis .   a - +0 mace
rCold   . . .      Faith    .   (no shield)
rNeg    + . .      Spirit   .   b - +0 animal skin
rPois   ∞          Reflect  .   (no helmet)
rElec   +          Harm     .   (no cloak)
rCorr   .          Rampage  .   (no gloves)
Will    .....                   (no boots)
Stlth   +.........              (no amulet)
HPRegen 0.07/turn               (no ring)
MPRegen 0.08/turn               (no ring)

@: no status effects
A: sickness immunity, AC +3, negative energy resistance 1, electricity
resistance, torment resistance 1, petrification resistance, sense surroundings
1, MP-powered wands
a: Renounce Religion, Berserk


You were on level 2 of the Dungeon.
You worshipped Trog.
Trog was aware of your devotion.
You visited 1 branch of the dungeon, and saw 2 of its levels.

You collected 54 gold pieces.

Inventory:

Hand Weapons
 a - a +0 mace (weapon)
Armour
 b - a +0 animal skin (worn)
Scrolls
 d - a scroll of fog {unknown}
 e - a scroll of amnesia {unknown}
 f - a scroll of identify {unknown}
 g - a scroll of enchant armour {unknown}


   Skills:
 - Level 3.2 Fighting
 + Level 4.1 Maces & Flails
 - Level 2.1 Armour
 - Level 1.5 Dodging


You had 2 spell levels left.
You didn't know any spells.
Your spell library was empty.

Dungeon Overview and Level Annotations

Branches:
Dungeon (2/15)

Altars:

Annotations:
D:2 Sigmund


Innate Abilities, Weirdness & Mutations

You are immune to sickness and miasma.
Your stone body is resilient. (AC +3)
You are immune to poison.
You resist negative energy. (rN+)
You are resistant to electric shocks. (rElec)
You are resistant to unholy torment.
You are immune to petrification.
You passively map a small area around you.
You expend magic power (3 MP) to strengthen your wands.


Message History

A rat is nearby!
Search for what [? for help]? armor You hit the rat but do no damage.
The rat barely misses you. x2
You closely miss the rat. The rat barely misses you.
You hit the rat.
The rat is heavily wounded.
The rat barely misses you.
You thump the rat!
You kill the rat!
Trog accepts your kill.
No target in view!
No target in view!
No target in view!
No target in view!
No target in view!
No target in view!
No target in view!
No target in view!
No target in view!
Sigmund the Dreaded comes into view.
He is wielding a +0 scythe.
Found a notched golden ring.
Sigmund is nearby!
Sigmund is nearby!
Sigmund is nearby!
It was a potion of mutation.
You feel extremely strange.
You feel your magical essence link to the dungeon's wands.
You feel a strange attunement to the structure of the dungeons.
Sigmund hits you but does no damage. Sigmund hits you with a +0 scythe!
You closely miss Sigmund. You barely miss Sigmund.
Sigmund mumbles some strange words.
Sigmund flickers and vanishes!
Deactivating autopickup; reactivate with Ctrl-A.
You hit something. Something hits you. Something hits you.
* * * LOW HITPOINT WARNING * * *
A magic dart appears from out of thin air!
The magic dart hits you.
You die...

* * #..# * ,
###########..# ,
#.........#..# *
,#.........#..# +
+..)......'>.# ,
#.........##.# *, , ,
#.........##.# ** ,,
#.........##.# *
##### #...@.....##.#
#...####.........##.#
+......{............#
*
#...#################
#...# #...# #..=#
#...# #####


There were no monsters in sight!

Vanquished Creatures
  A dart slug (D:1)
  2 endoplasms (D:1)
  2 giant cockroaches (D:1)
  3 goblins (D:1)
  3 hobgoblins (D:1)
  A kobold (D:1)
  A quokka (D:1)
  2 bats (D:1)
  A frilled lizard (D:1)
  5 rats
21 creatures vanquished.

Notes
Turn   | Place    | Note
-------+----------+-------------------------------------------
     0 | D:1      | DocClef the Gargoyle Berserker began the quest for the Orb.
     0 | D:1      | Reached XP level 1. HP: 14/14 MP: 1/1
   378 | D:1      | Reached XP level 2. HP: 19/19 MP: 2/2
   556 | D:1      | Reached skill level 4 in Maces & Flails
   714 | D:1      | Reached XP level 3. HP: 22/23 MP: 3/3
   882 | D:2      | Noticed Sigmund
   884 | D:2      | Gained mutation: You expend magic power (3 MP) to
                  | strengthen your wands. [potion of mutation]
   884 | D:2      | Gained mutation: You passively map a small area around you.
                  | [potion of mutation]
   897 | D:2      | Killed from afar by Sigmund

Illustrated notes

Levels and vault maps discovered:
D:1:      mrwooster_arrival_statue_2, layout_basic, minmay_worlds_worst_comb
D:2:      layout_basic, basic_altar, basic_ecumenical_altar, uniq_jessica,
          uniq_crazy_yiuf_cottage, uniq_sigmund

Skill      XL: |  1  2 |
---------------+-------+-----
Maces & Flails | 4 |  4.1
Fighting       | |  3.2
Armour         | |  2.1
Dodging        | |  1.5

Action                   || total
-------------------------++-------
Melee: Mace              ||    56
  Use: Potion            ||     1
Armor: Animal skin       ||    17
Dodge: Dodged            ||    30
